Map: Interloper LE

Players

herO - Winner!

  • Race: Protoss Protoss
  • Spawn Location: 5:00

Rogue

  • Race: Zerg Zerg
  • Spawn Location: 11:00

Event: 2017 WCS Global Finals

VOD

Have the link to the VOD?

Description

Time

  • Played on: Nov. 3, 2017, 6:03 p.m.
  • Length: 8:15

All games in this series

Show
View Real Time Build Order
Export as new Build Order

herO Protoss - Winner!

Build Orders: 1 Gate Expand, Oracle Opening 

Get SALT Encoding   

  12  0:00  Probe (Chrono Boost)  
  13  0:11  Probe (Chrono Boost)  
  14  0:19  Pylon  
  14  0:22  Probe (Chrono Boost)  
  15  0:37  Probe (Chrono Boost)  
  15  0:39  Gateway  
  16  0:47  Probe (Chrono Boost)  
  16  0:48  Assimilator  
  17  0:58  Probe (Chrono Boost)  
  18  1:08  Probe (Chrono Boost)  
  19  1:22  Nexus  
  19  1:25  Probe (Chrono Boost)  
  20  1:35  Cybernetics Core  
  20  1:38  Probe (Chrono Boost)  
  21  1:43  Assimilator  
  21  1:49  Probe (Chrono Boost)  
  21  1:53  Pylon  
  22  1:59  Probe (Chrono Boost)  
  23  2:11  Adept (Chrono Boost), Probe (Chrono Boost)  
  26  2:23  Probe  
  26  2:24  Stargate  
  27  2:31  Warp Gate (Chrono Boost)  
  27  2:33  Probe (Chrono Boost)  
  27  2:36  Zealot (Chrono Boost), Probe (Chrono Boost)  
  31  2:46  Probe (Chrono Boost)  
  31  2:47  Probe (Chrono Boost)  
  32  2:56  Probe (Chrono Boost)  
  32  2:57  Probe (Chrono Boost)  
  34  3:05  Probe (Chrono Boost)  
  34  3:07  Void Ray (Chrono Boost)  
  34  3:09  Probe  
  40  3:15  Pylon  
  40  3:16  Probe  
  41  3:21  Probe  
  41  3:24  Assimilator  
  41  3:25  Assimilator  
  42  3:33  Mothership Core, Probe  
  44  3:39  Zealot  
  47  3:42  Gateway  
  47  3:45  Probe  
  47  3:47  Oracle (Chrono Boost)  
  48  3:52  Probe  
  48  3:54  Pylon  
  49  3:57  Probe  
  50  4:04  Pylon  
  50  4:05  Probe  
  50  4:09  Probe  
  48  4:11  Pylon  
  48  4:17  Robotics Facility  
  47  4:22  Probe x2  
  47  4:34  Zealot  
  47  4:38  Zealot  
  48  4:39  Probe x2  
  48  4:44  Pylon  
  48  4:51  Probe x2 (Chrono Boost)  
  47  4:57  Oracle  
  49  5:01  Probe (Chrono Boost)  
  49  5:04  Probe (Chrono Boost)  
  49  5:05  Observer (Chrono Boost)  
  52  5:08  Zealot  
  52  5:09  Zealot  
  52  5:11  Probe  
  56  5:17  Probe  
  55  5:28  Immortal (Chrono Boost)  
  59  5:30  Probe  
  59  5:32  Probe  
  61  5:36  Twilight Council  
  61  5:41  Probe  
  61  5:44  Probe  
  63  5:56  Gateway  
  63  5:58  Gateway  
  63  6:01  Gateway x2  
  63  6:05  Immortal (Chrono Boost)  
  67  6:17  Charge (Chrono Boost)  
  67  6:24  Pylon  
  67  6:26  Pylon  
  67  6:27  Gateway  
  67  6:30  Zealot  
  67  6:31  Zealot  
  71  6:38  Warp Prism  
  71  6:44  Pylon  
  73  6:51  Gateway  
  73  6:53  Zealot x2  
  77  7:07  Zealot x4  
  85  7:13  Pylon  
  85  7:18  Pylon  
  85  7:37  Zealot x7  
  99  7:47  Pylon  
  95  7:55  Zealot  
  85  8:01  Zealot x6  
  85  8:03  Zealot  
  93  8:08  Zealot  
Show
View Real Time Build Order
Export as new Build Order

Rogue Zerg 

Build Orders: Pool First 

Get SALT Encoding   

  12  0:00  Drone  
  13  0:12  Overlord  
  13  0:16  Drone  
  14  0:30  Drone x2  
  14  0:34  Drone  
  17  0:45  Extractor, Drone  
  17  0:49  Spawning Pool  
  16  0:55  Drone  
  17  1:06  Drone  
  18  1:22  Drone  
  19  1:28  Hatchery  
  18  1:36  Zergling x2  
  18  1:39  Queen  
  21  1:42  Zergling x2  
  22  1:57  Overlord  
  22  2:12  Roach Warren  
  22  2:15  Overlord  
  21  2:18  Burrow  
  20  2:52  Roach x6  
  20  2:56  Evolution Chamber  
  31  2:59  Roach  
  33  3:06  Roach  
  33  3:11  Roach  
  37  3:17  Drone  
  37  3:19  Drone  
  39  3:29  Roach  
  40  3:35  Overlord  
  40  3:37  Roach x2  
  40  3:40  Roach  
  42  3:44  Roach  
  42  3:45  Drone  
  43  3:49  Drone  
  43  3:55  Drone x2  
  46  3:59  Drone  
  46  4:01  Drone  
  48  4:03  Roach  
  48  4:06  Roach x2  
  48  4:08  Roach, Overlord  
  48  4:17  Overlord  
  48  4:18  Roach  
  46  4:28  Roach x2  
  46  4:29  Drone x5  
  46  4:30  Roach  
  47  4:32  Drone  
  48  4:41  Drone  
  48  4:42  Roach  
  48  4:44  Drone  
  48  4:45  Roach  
  48  4:46  Drone  
  48  4:49  Drone  
  48  4:50  Drone  
  48  4:51  Roach x3  
  48  4:52  Queen  
  51  4:54  Drone  
  51  4:55  Drone  
  53  5:01  Roach x2  
  53  5:06  Hatchery  
  52  5:11  Drone  
  52  5:13  Drone x2  
  55  5:16  Drone  
  48  5:23  Metabolic Boost  
  48  5:24  Queen  
  48  5:25  Spore Crawler  
  47  5:31  Queen  
  47  5:33  Spore Crawler  
  46  5:36  Drone x2  
  46  5:37  Drone  
  49  5:46  Extractor, Drone x3  
  49  5:47  Overlord  
  51  5:52  Zerg Melee Weapons Level 1  
  51  5:55  Overlord  
  51  6:05  Queen  
  51  6:10  Queen  
  55  6:11  Zergling x2  
  55  6:12  Zergling x4  
  61  6:22  Drone  
  62  6:28  Drone x2  
  62  6:29  Overlord  
  64  6:38  Drone x8  
  69  6:41  Spore Crawler  
  69  6:42  Queen  
  70  6:47  Lair  
  72  6:54  Roach x3  
  72  6:57  Roach  
  72  6:58  Roach  
  79  7:03  Roach x2  
  81  7:08  Overlord  
  81  7:09  Overlord  
  81  7:13  Extractor, Baneling Nest  
  79  7:16  Spine Crawler  
  79  7:17  Spine Crawler  
  79  7:23  Roach x2, Overlord x2  
  79  7:26  Overlord  
  79  7:28  Drone  
  79  7:29  Roach, Spore Crawler  
  82  7:30  Zergling x4  
  87  7:44  Roach x2  
  93  7:49  Roach  
  90  7:52  Roach  
  90  7:53  Zergling x2  
  90  7:56  Roach, Zergling x4  
Tags
 
Add a new tag
Caveats
  • Supply blocks, unpowered buildings, or Contaminate may cause inaccurate times.
  • Supply counts are checked every 10 seconds.